 Dungeon Crawl Stone Soup version 0.31.0-11-ge490571c62 (webtiles) character file.

Game seed: 3403307453717876300

73 mopl the Trooper (level 4, -4/35 HPs)
             Began as a Demonspawn Fighter on Jan 29, 2024.
             Slain by a gnoll
             ... wielding a +0 flail
              (7 damage)
             ... on level 2 of the Dungeon.
             The game lasted 00:01:31 (877 turns).

mopl the Trooper (Demonspawn Fighter)                Turns: 877, Time: 00:01:31

Health: -4/35      AC: 13    Str: 19    XL:     4   Next: 8%
Magic:  4/4        EV:  6    Int:  8    God:
Gold:   81         SH:  0    Dex: 14    Spells: 3/3 levels left

rFire   . . .        j - +0 battleaxe
rCold   . . .        (shield currently unavailable)
rNeg    . . .        g - +0 plate armour
rPois   .            (no helmet)
rElec   .            (no cloak)
rCorr   .            f - +1 pair of gloves
SInv    .            (no boots)
Will    .....        (no amulet) Stlth
                     (no ring)
HPRegen 0.25/turn    (no ring)
MPRegen 0.09/turn

%: no passive effects
@: no status effects
A: thin skeletal structure 1
a: no special abilities


You were on level 2 of the Dungeon.
You visited 1 branch of the dungeon, and saw 2 of its levels.

You collected 81 gold pieces.

Inventory:

Hand Weapons
 a - a +0 war axe
 j - a +0 battleaxe (weapon)
Missiles
 k - 2 javelins (quivered)
Armour
 c - a +0 buckler
 f - a +1 pair of gloves (worn)
 g - a +0 plate armour (worn)
Scrolls
 h - a scroll of teleportation {unknown}
 i - 4 scrolls of blinking {unknown}
Potions
 b - 2 potions of attraction {unknown}
 d - 2 potions of might
 e - 2 potions of degeneration {unknown}
 l - a potion of haste {unknown}


   Skills:
 + Level 3.4 Fighting
 * Level 2.8 Axes
 + Level 3.1 Armour
 + Level 1.2 Dodging
 - Level 2.6 Shields


You had 3 spell levels left.
You didn't know any spells.
Your spell library contained the following spells:

 Spells                   Type           Power      Damage    Failure   Level
 Gell's Gravitas          Tloc           0%         N/A       100%        3
 Teleport Other           Tloc           0%         N/A       100%        3
 Dispersal                Tloc           0%         N/A       100%        6
 Sculpt Simulacrum        Ice/Alch       0%         N/A       100%        6
 Ozocubu's Refrigeration  Ice            0%         4d7       100%        7
 Polar Vortex             Ice            0%         N/A       100%        9


Dungeon Overview and Level Annotations

Branches:
Dungeon (2/15)

Altars:
Vehumet

Shops:
D:2 [


Innate Abilities, Weirdness & Mutations

You have a somewhat thin skeletal structure. (Dex +2, Stealth+)


Message History

You barely miss the goblin.
A gnoll comes into view. It is wielding a +0 flail.
The goblin hits you but does no damage. x2
You barely miss the gnoll. You barely miss the goblin.
The goblin hits you but does no damage. The gnoll hits you with a +0 flail.
You slash the gnoll!
The gnoll is severely wounded.
You hit the goblin.
You kill the goblin!
The gnoll hits you with a +0 flail.
The teleport trap disappears.
The gnoll disappears!
The gnoll hits you with a +0 flail.
You slash the gnoll!
You kill the gnoll!
A gnoll comes into view. It is wielding a +0 spear.
You have reached level 4!
You feel stronger.
Unknown command.
The endoplasm closely misses you.
The endoplasm attacks as it pursues you!
The endoplasm hits you but does no damage.
Found a scroll labelled TAKLYO JIEMEME.
You slash the endoplasm!
You kill the endoplasm!
You closely miss the gnoll. The gnoll hits you but does no damage.
The gnoll barely misses you.
You hit the gnoll.
The gnoll is moderately wounded.
The gnoll hits you with a +0 flail.
You barely miss the gnoll.
The gnoll is moderately wounded.
The gnoll hits you with a +0 flail. The gnoll hits you with a +0 flail!
* * * LOW HITPOINT WARNING * * *
You barely miss the gnoll.
The gnoll is moderately wounded.
The gnoll hits you with a +0 flail.
* * * LOW HITPOINT WARNING * * *
You barely miss the gnoll.
The gnoll is moderately wounded.
The gnoll hits you with a +0 flail!
You die...

## #.......≈.§. ## ..
#.#...#..§.§ .## # #.##
#..$≈....#.. ..#..#
?.####.#.).#.....
........######.#..#....)..≈.≈.
##...............##..≈.§.....g
....._...........#...)...#...#
........# #....##....#....≈..
........####.##.@g......§#...#
...####.##...#####.....≈......
........................§#....
.....##...########.........##.
...#..#.### #.......###
..<.....# #.......# ...##...#
##......# #..###### #......#
..## ......#


You could see a gnoll.

Vanquished Creatures
  A gnoll (D:2)
  2 adders (D:2)
  A dart slug (D:1)
  4 ball pythons
  5 bats
  5 endoplasms
  2 giant cockroaches
  2 goblins
  3 hobgoblins
  4 jackals (D:1)
  A quokka (D:1)
  3 frilled lizards
  4 kobolds
  4 rats
41 creatures vanquished.

Notes
Turn   | Place    | Note
-------+----------+-------------------------------------------
     0 | D:1      | mopl the Demonspawn Fighter began the quest for the Orb.
     0 | D:1      | Reached XP level 1. HP: 18/18 MP: 1/1
   162 | D:1      | Gained mutation: You have a somewhat thin skeletal
                  | structure. (Dex +2, Stealth+) [demonic ancestry]
   162 | D:1      | Reached XP level 2. HP: 24/24 MP: 2/2
   493 | D:1      | Reached XP level 3. HP: 28/29 MP: 3/3
   589 | D:2      | Found a radiant altar of Vehumet.
   601 | D:2      | Reached skill level 1 in Dodging
   648 | D:2      | Found Lodghoc's Armour Shoppe.
   866 | D:2      | Reached XP level 4. HP: 21/35 MP: 4/4
   877 | D:2      | Slain by a gnoll

Illustrated notes

Levels and vault maps discovered:
D:1:      mushboom_english_gardens, layout_basic, minmay_pentomino_r2
D:2:      layout_rooms, basic_altar, serial_shops, nicolae_shop_hallway_plus,
          nicolae_shop_rolled_up, nicolae_shop_behind_doors, shop,
          nicolae_kite_square_tiling_tiny

Skill      XL: |  1  2  3 |
---------------+----------+-----
Axes           | 2 |  2.8
Armour         | 3 |  3.1
Dodging        | 1 |  1.2
Fighting       | |  3.4
Shields        | |  2.6

Action                     |  1- 3 |  4- 6 || total
---------------------------+-------+-------++-------
  Melee: War axe           |    43 |       ||    43
         Battleaxe         |    54 |     6 ||    60
 Armour: Plate armour      |   118 |     7 ||   125
         Scale mail        |     4 |       ||     4
  Dodge: Dodged            |    34 |     2 ||    36
  Block: Buckler           |     3 |       ||     3
